 Dungeon Crawl Stone Soup version 0.15-a0-1914-g8cb84b8 (webtiles) character file.

76453 PolkaDot the Maledictor (level 15, -4/90 HPs)
             Began as a Vampire Enchanter on July 6, 2014.
             Was the Champion of Ashenzari.
             Slain by a five-headed hydra (11 damage)
             ... on Level 15 of the Dungeon on July 7, 2014.
             The game lasted 01:55:35 (25594 turns).

PolkaDot the Maledictor (Vampire Enchanter)        Turns: 25594, Time: 01:55:36

HP  -4/90        AC 11     Str  7      XL: 15   Next: 12%
MP  12/25        EV 23     Int 25      God: Ashenzari [******]
Gold 1649        SH  7     Dex 16      Spells:  9 memorised,  0 levels left

rFire  + + .     SeeInvis +     I - +8 dagger (speed) (curse)
rCold  + + +     Clarity  +     p - +2 robe {rF+} (curse)
rNeg   + + +     rCorr    .     i - +1 buckler {rF+} (curse)
rPois  +         rRot     +     r - +2 hat {Int+3} (curse)
rElec  .         Spirit   .     L - +0 cloak (curse)
SustAb .         Warding  .     c - +1 pair of gloves {rC+} (curse)
rMut   +         Stasis   .     y - +1 pair of boots (curse)
Gourm  .                        K - cursed amulet of resist mutation
MR     +....                    n - cursed +2 ring of evasion
                                E - cursed ring of wizardry

@: bloodless, non-regenerating, studying Long Blades, somewhat resistant to
hostile enchantments, uncannily stealthy
A: bottle blood, fangs 3, horns 1, talons 1, see invisible, agile 1, blink 1,
low mp 1, unbreathing
a: Bat Form, Bottle Blood, Blink, Scrying, Transfer Knowledge, Renounce Religion


You were on level 15 of the Dungeon.
You worshipped Ashenzari.
Ashenzari was exalted by your worship.
You were bloodless.

You visited 3 branches of the dungeon, and saw 24 of its levels.
You also visited: Sewer, Bailey, Ice Cave and Volcano.

You collected 1649 gold pieces.

Inventory:

Hand weapons
 I - a cursed +8 dagger of speed (weapon)
Missiles
 u - 4 throwing nets (quivered)
Armour
 c - a cursed +1 pair of gloves of cold resistance (worn)
 i - a cursed +1 buckler of fire resistance (worn)
 p - a cursed +2 robe of fire resistance (worn)
 r - a cursed +2 hat of intelligence (worn)
 y - a cursed +1 pair of boots (worn)
 L - a cursed +0 cloak (worn)
Magical devices
 g - a wand of invisibility (1)
 q - a wand of digging (8)
 z - a wand of teleportation (4)
 A - a wand of heal wounds (2)
Scrolls
 b - 2 scrolls of curse weapon
 e - 3 scrolls of recharging
 f - a scroll of fog
 h - a scroll of blinking
 k - 2 scrolls of remove curse
 m - 4 scrolls of magic mapping
 s - 8 scrolls of teleportation
 t - 3 scrolls of fear
 x - a scroll of torment
 B - a scroll of summoning
 D - a scroll of vulnerability
 F - 4 scrolls of identify
Jewellery
 n - a cursed +2 ring of evasion (right hand)
 E - a cursed ring of wizardry (left hand)
 K - a cursed amulet of resist mutation (around neck)
Potions
 j - 4 potions of restore abilities
 l - 10 potions of might
 o - 3 potions of curing
 v - a potion of magic
Books
 a - a manual of Long Blades
 C - a book of Clouds

   Spells                             Type                      Level
   Mephitic Cloud                     Conjuration/Poison/Air       3
   Conjure Flame                      Conjuration/Fire             3
   Poisonous Cloud                    Conjuration/Poison/Air       6
   *Freezing Cloud                    Conjuration/Ice/Air          6
   Ring of Flames                     Charms/Fire                  7
 G - a book of Beasts

   Spells                             Type                      Level
   Summon Butterflies                 Summoning                    1
   Call Canine Familiar               Summoning                    3
   Summon Ice Beast                   Ice/Summoning                4
   Summon Mana Viper                  Hexes/Summoning              5
   Monstrous Menagerie                Summoning                    6
   Summon Hydra                       Summoning                    7
 H - a book of Hinderance

   Spells                             Type                      Level
   Confusing Touch                    Hexes                        2
   *Confuse                           Hexes                        3
   Petrify                            Transmutation/Earth          4
   Leda's Liquefaction                Hexes/Earth                  4
   Metabolic Englaciation             Hexes/Ice                    5
   Summon Mana Viper                  Hexes/Summoning              5


   Skills:
 - Level 12.0(16.1) Short Blades
 - Level 8.0(12.5) Dodging
 + Level 19.2(22.8) Stealth
 - Level 5.4(8.4) Shields
 + Level 6.1 Spellcasting
 * Level 21.5(24.9) Hexes
 + Level 2.7(6.4) Ice Magic
 - Level 6.6(11.1) Air Magic


You couldn't memorise any spells.
You knew the following spells:

 Your Spells              Type           Power        Failure   Level  Hunger
a - Corona                Hex            #######      0%          1    None
b - Sure Blade            Hex/Chrm       ######....   1%          2    None
c - Confuse               Hex            #######.     0%          3    #......
d - Ensorcelled Hibernat  Hex/Ice        ######       1%          2    None
e - Enslavement           Hex            #######.     0%          4    ###....
s - Dazzling Spray        Conj/Hex       ######..     1%          3    #......
z - Freezing Cloud        Conj/Ice/Air   #####.....   54%         6    ######.
D - Repel Missiles        Chrm/Air       #####.       1%          2    None
F - Flight                Chrm/Air       #####.....   1%          3    #......


Dungeon Overview and Level Annotations

Branches:
Dungeon (15/15)            Temple (1/1) D:7             Orc (0/4) D:10
   Lair (8/8) D:8           Swamp (0/5) Lair:4        Snake (0/5) Lair:5
  Slime (0/6) Lair:7       Vaults (0/5) D:13
 Depths: D:15

Altars:
Ashenzari
Cheibriados
Dithmenos
Elyvilon
Fedhas
Gozag
Kikubaaqudgha
Makhleb
Nemelex Xobeh
Okawaru
Qazlal
Sif Muna
Trog
Vehumet
Xom
Yredelemnul
Zin
The Shining One

Shops:
D:6 *

Portals:
Trove: D:11 (give 4 scrolls of blinking)

Annotations:
D:12 1 exclusion


Innate Abilities, Weirdness & Mutations

You do not heal naturally.
You can bottle blood from corpses.
You have razor-sharp teeth.*
You have supernaturally acute eyesight.
You can survive without breathing.*
You have a pair of small horns on your head.*
You have sharp toenails.*
You are agile. (Dex +2)
You can translocate small distances at will.
Your magical capacity is low (-10% MP).


Message History

The five-headed hydra struggles to resist.
The five-headed hydra barely misses you.
The five-headed hydra misses you.
The five-headed hydra bites you but does no damage.
You block the five-headed hydra's attack.
The five-headed hydra bites you.
* * * LOW HITPOINT WARNING * * *
Casting: Confuse
Confirm with . or Enter, or press ? or * to list all spells.
Aiming: Confuse
Press: ? - help, Shift-Dir - straight line, f/p - five-headed hydra
Aim: a five-headed hydra (moderately wounded)
The five-headed hydra struggles to resist.
The five-headed hydra misses you.
You block the five-headed hydra's attack.
The five-headed hydra bites you!
* * * LOW HITPOINT WARNING * * *
You block the five-headed hydra's attack.
The five-headed hydra bites you!
You die...

** ,* * *,....*#.#####...#
,, * ,,*#..##.##...##.## ,
,, , **, **
#........#####.# , *** ,,
#...#..### #.# , *, ,*
##......# #.####.. **
#.....#.### ##....... , ,
####.........####..####.. *
* ,,...............#...## *
. ,
**#.......@.###.......##*#.
, * *, ##......D##
#.......:##.. ,, ,
,##....... .............. *
* ,
,+.#..................## ,
* ,, ,
#,##...###............. * *
* * , ##..# * ##..........
,,* ** *, **#.##
#.......### ,,,* ,, *#..**
.......# ,
,,....,###*##.......##


You could see a five-headed hydra.

Vanquished Creatures
  The ghost of Liquorice the Archer, a powerful CeHu of Okawaru (IceCv)
  Josephine (D:13)
  Fannar (Lair:8)
  4 hydras
  An ogre mage (D:13)
  3 tengu warriors (D:14)
  4 centaur warriors
  13 death yaks
  An iron troll (D:10)
  5 skeletal warriors (D:13)
  An ice devil (IceCv)
  An unseen horror (D:12)
  2 deep trolls
  7 hill giants
  2 lindwurms
  2 griffons
  An orc knight (Bailey)
  3 cyclopes
  A manticore (D:13)
  A black mamba (Lair:6)
  Maurice (D:9)
  A torpor snail (Lair:4)
  A gargoyle (D:12)
  15 spiny frogs
  2 centaur zombies
  3 tengu conjurers (D:14)
  8 komodo dragons
  An efreet (D:14)
  2 fire drakes (Volcano)
  A merfolk (D:13)
  6 blue devils (IceCv)
  7 blink frogs (Lair:8)
  3 two-headed ogres (D:13)
  5 polar bears
  A merfolk (shapeshifter) (D:7)
  9 trolls
  Prince Ribbit (D:6)
  3 giant leeches (Lair:8)
  2 basilisks (D:8)
  A boulder beetle (Lair:8)
  9 ravens (D:14)
  6 redbacks (Lair:7)
  2 wyverns
  A wraith (D:13)
  41 yaks
  2 hill giant zombies
  A shadow (D:13)
  Eustachio (D:6)
  5 fire bats
  A human (shapeshifter) (D:15)
  A deep elf mage (D:14)
  10 wolves
  3 hungry ghosts
  9 hippogriffs
  A steam dragon (D:12)
  A hill giant skeleton (D:13)
  4 vampire mosquitoes (Lair:8)
  Edmund (D:8)
  A hydra simulacrum (D:13)
  A water moccasin (shapeshifter) (D:14)
  18 water moccasins
  A soldier ant (D:11)
  12 porcupines
  A necrophage (D:10)
  7 ice beasts
  2 sky beasts
  14 orc warriors
  2 phantoms
  10 centaurs
  5 ogres
  14 crocodiles
  Duvessa (D:8)
  3 lava worms (Volcano)
  A brain worm (D:15)
  A hill giant simulacrum (D:13)
  A gnoll sergeant (D:7)
  Blork the orc (D:5)
  30 giant frogs
  A yaktaur zombie (D:13)
  A cyclops skeleton (D:9)
  2 scorpions
  2 troll zombies
  3 killer bees (D:11)
  2 troll skeletons
  2 lava snakes (Volcano)
  15 wights
  A hippogriff skeleton (D:5)
  4 crimson imps
  11 electric eels
  A quasit (D:7)
  A basilisk zombie (D:11)
  Dowan (D:8)
  A giant frog zombie (D:13)
  9 hounds
  7 jellies
  4 orc priests
  An elf zombie (D:9)
  6 iguanas
  2 centaur skeletons (D:9)
  A giant frog skeleton (D:13)
  8 worker ants
  13 orc wizards
  An ogre zombie (D:8)
  18 sheep
  A hound zombie (D:8)
  A mottled dragon zombie (D:13)
  The ghost of sclaes the Vexing, a weakling DEEn (D:3)
  2 mummies (D:14)
  29 green rats
  A scorpion zombie (D:7)
  A sky beast simulacrum (D:9)
  30 adders
  9 gnolls
  2 shadow imps
  21 white imps
  A worm (D:2)
  7 ufetubi (IceCv)
  An orc skeleton (D:7)
  66 orcs
  2 ball pythons
  A bat skeleton (D:4)
  A bat zombie (D:7)
  18 hobgoblins
  18 jackals
  16 kobolds
  6 quokkas
  12 bats
  16 giant cockroaches
  4 giant geckos
  9 giant newts
  A giant newt skeleton (D:4)
  A giant spore (D:11)
  11 goblins
  A goblin skeleton (D:4)
  A goblin zombie (D:5)
  2 hobgoblin skeletons
  A kobold skeleton (D:7)
  An orc zombie (D:5)
  21 rats
  2 rat zombies (D:7)
  5 ballistomycetes
  2 plants (Sewer)
796 creatures vanquished.

Vanquished Creatures (collateral kills)
  A rakshasa (D:15)
  A shining eye (shapeshifter) (D:7)
  A basilisk (Lair:7)
  A hungry ghost (D:8)
  2 orc warriors (Bailey)
  An adder (D:10)
7 creatures vanquished.

Vanquished Creatures (others)
  A sheep (D:15)
  2 white imps
  2 ufetubi (IceCv)
  An orc (D:8)
  A giant spore (D:7)
  2 plants
9 creatures vanquished.

Grand Total: 812 creatures vanquished

Notes
Turn   | Place    | Note
--------------------------------------------------------------
     0 | D:1      | PolkaDot, the Vampire Enchanter, began the quest for the Orb.
     0 | D:1      | Reached XP level 1. HP: 13/13 MP: 3/3
   543 | D:1      | Reached XP level 2. HP: 14/19 MP: 4/4
  1036 | D:2      | Learned a level 2 spell: Ensorcelled Hibernation
  1177 | D:2      | Reached XP level 3. HP: 22/24 MP: 6/6
  1374 | D:2      | Learned a level 3 spell: Confuse
  1866 | D:2      | Reached XP level 4. HP: 30/30 MP: 7/7
  2539 | D:3      | Noticed sclaes' ghost (weakling DEEn)
  2576 | D:3      | Killed sclaes' ghost
  2662 | D:3      | Reached skill level 1 in Ice Magic
  2735 | D:3      | Found a white marble altar of Elyvilon.
  3119 | D:4      | Reached skill level 5 in Hexes
  3142 | D:4      | Reached XP level 5. HP: 35/35 MP: 3/9
  3212 | D:5      | Entered Level 5 of the Dungeon
  3212 | D:5      | Noticed Blork the orc
  3217 | D:5      | Killed Blork the orc
  3217 | D:5      | Reached skill level 5 in Stealth
  3229 | D:5      | Noticed a centaur
  3239 | D:5      | Reached skill level 6 in Hexes
  3239 | D:5      | Reached XP level 6. HP: 32/41 MP: 2/10
  3328 | D:5      | Killed a centaur
  3350 | D:5      | Found a glowing drain.
  3415 | Sewer    | Entered a sewer
  3602 | Sewer    | Reached skill level 7 in Hexes
  4309 | D:5      | Reached XP level 7. HP: 23/46 MP: 0/12
  4569 | D:7      | Reached skill level 8 in Hexes
  4575 | D:7      | Found a staircase to the Ecumenical Temple.
  4581 | Temple   | Entered the Ecumenical Temple
  4636 | Temple   | Became a worshipper of Ashenzari the Shackled
  4697 | D:7      | Found a shimmering altar of Xom.
  4697 | D:7      | Noticed a komodo dragon
  4698 | D:7      | Found a shimmering altar of Xom.
  4698 | D:7      | Found a shimmering altar of Xom.
  4700 | D:7      | Found a shimmering altar of Xom.
  4700 | D:7      | Found a shimmering altar of Xom.
  4701 | D:7      | Noticed a komodo dragon
  4801 | D:6      | Reached skill level 9 in Hexes
  4957 | D:6      | Found a stormy altar of Qazlal.
  4959 | D:6      | Found an iron altar of Okawaru.
  5186 | D:6      | Noticed Prince Ribbit
  5276 | D:6      | Noticed Eustachio
  5289 | D:6      | Killed Eustachio
  5289 | D:6      | Reached XP level 8. HP: 45/52 MP: 4/13
  5609 | D:6      | Killed Prince Ribbit
  5609 | D:6      | Reached skill level 10 in Hexes
  5615 | D:6      | Learned a level 4 spell: Enslavement
  5627 | D:6      | Found Proekeose's General Store.
  6165 | D:5      | Reached skill level 5 in Dodging
  6315 | D:5      | Noticed an ogre
  6324 | D:5      | Killed an ogre
  6397 | D:4      | Noticed an ogre
  6419 | D:4      | Killed an ogre
  6419 | D:4      | Reached skill level 11 in Hexes
  7435 | D:7      | Reached XP level 9. HP: 57/57 MP: 7/14
  7612 | D:7      | Reached skill level 12 in Hexes
  7730 | D:7      | Found an ancient bone altar of Kikubaaqudgha.
  7985 | D:7      | Reached skill level 10 in Stealth
  8083 | D:7      | Found a sparkling altar of Nemelex Xobeh.
  8177 | D:7      | Found a shimmering altar of Xom.
  8185 | D:7      | Noticed a moth of wrath
  8188 | D:7      | Noticed a shining eye
  8188 | D:7      | a moth of wrath changed into a shining eye
  8201 | D:7      | Gained mutation: Your magical capacity is low (-10% MP). [a shining eye]
  8244 | D:7      | Killed a shining eye
  8360 | D:8      | Found a radiant altar of Vehumet.
  8383 | D:8      | Found a staircase to the Lair.
  8398 | D:8      | Reached skill level 13 in Hexes
  8407 | D:8      | Found a flagged portal.
  8409 | D:8      | Noticed Duvessa
  8410 | D:8      | Noticed Dowan
  8417 | D:8      | Killed Dowan
  8430 | Bailey   | Entered a bailey
  8575 | Bailey   | Acquired Ashenzari's first power
  8762 | Bailey   | Noticed an orc knight
  8775 | Bailey   | an orc knight (ally) was killed
  8915 | Bailey   | Identified the +5 plate armour of Crawling {Slay+4}
  8977 | D:8      | Killed Duvessa
  9007 | D:8      | Noticed Edmund
  9018 | D:8      | Reached XP level 10. HP: 40/63 MP: 7/14
  9038 | D:8      | Reached skill level 14 in Hexes
  9062 | D:8      | Killed Edmund
  9347 | D:8      | Learned a level 3 spell: Dazzling Spray
  9569 | D:8      | Reached skill level 5 in Short Blades
 10021 | D:9      | Acquired Ashenzari's second power
 10033 | D:9      | Reached skill level 15 in Hexes
 10035 | D:9      | Noticed Maurice
 10055 | D:9      | Killed Maurice
 10104 | Lair:1   | Entered Level 1 of the Lair of Beasts
 10135 | Lair:1   | Found a dark tunnel.
 10155 | Volcano  | Entered a volcano
 10355 | Volcano  | Noticed a lindwurm
 10395 | Volcano  | Killed a lindwurm
 10401 | Volcano  | Reached XP level 11. HP: 38/68 MP: 1/15
 10424 | Volcano  | Found a bloodstained altar of Trog.
 10858 | Lair:1   | Identified a scroll of acquirement
 11425 | Lair:2   | Noticed a four-headed hydra
 11640 | Lair:2   | Gained mutation: You can translocate small distances at will. [potion of mutation]
 11640 | Lair:2   | Gained mutation: You are agile. (Dex +2) [potion of mutation]
 11640 | Lair:2   | Gained mutation: You have a pair of small horns on your head. [potion of mutation]
 11755 | Lair:2   | Acquired Ashenzari's third power
 11934 | Lair:2   | Reached skill level 16 in Hexes
 11977 | Lair:2   | Killed a four-headed hydra
 12463 | Lair:3   | Noticed an eight-headed hydra
 12472 | Lair:3   | Killed an eight-headed hydra
 12472 | Lair:3   | Reached skill level 10 in Short Blades
 13000 | Lair:4   | Reached XP level 12. HP: 74/74 MP: 16/16
 13025 | Lair:4   | Found a staircase to the Swamp.
 13940 | Lair:5   | Found a staircase to the Snake Pit.
 14137 | Lair:5   | Acquired Ashenzari's fourth power
 14160 | Lair:5   | Reached skill level 15 in Stealth
 14206 | Lair:5   | Learned a level 2 spell: Sure Blade
 14254 | Lair:5   | Reached skill level 17 in Hexes
 14899 | Lair:6   | Identified the +5 ring mail "Jeic" {Str+5 Int+2}
 15459 | Lair:7   | Noticed a five-headed hydra
 15470 | Lair:7   | Reached skill level 1 in Shields
 15480 | Lair:7   | Killed a five-headed hydra
 15554 | Lair:7   | Found a frozen archway.
 15592 | Lair:7   | Noticed an eight-headed hydra
 15602 | IceCv    | Entered an ice cave
 16063 | IceCv    | Noticed Liquorice's ghost (powerful CeHu)
 16069 | IceCv    | Killed Liquorice's ghost
 16283 | Lair:7   | Killed an eight-headed hydra
 16685 | Lair:7   | Reached XP level 13. HP: 79/79 MP: 17/17
 16847 | Lair:7   | Found a staircase to the Slime Pits.
 17025 | Lair:7   | Reached skill level 5 in Shields
 17025 | Lair:7   | Reached skill level 18 in Hexes
 17300 | Lair:8   | Entered Level 8 of the Lair of Beasts
 17318 | Lair:8   | Noticed Fannar
 17326 | Lair:8   | Killed Fannar
 17667 | Lair:8   | Reached skill level 5 in Spellcasting
 18209 | Lair:8   | Learned a level 3 spell: Flight
 18365 | Lair:8   | Learned a level 6 spell: Freezing Cloud
 18455 | Lair:8   | Reached skill level 1 in Air Magic
 18678 | Lair:8   | Reached skill level 19 in Hexes
 19093 | D:9      | Noticed a death yak
 19104 | D:9      | Killed a death yak
 19333 | D:9      | Reached XP level 14. HP: 85/85 MP: 18/24
 20082 | D:10     | Entered Level 10 of the Dungeon
 20089 | D:10     | Found an opulent altar of Gozag.
 20546 | D:10     | Found a staircase to the Orcish Mines.
 21363 | D:11     | Found a portal to a secret trove of treasure.
 22475 | D:12     | Reached skill level 20 in Hexes
 22837 | D:13     | Found a gate to the Vaults.
 23111 | D:13     | Reached skill level 5 in Air Magic
 23137 | D:13     | Noticed Josephine
 23152 | D:13     | Killed Josephine
 23438 | D:13     | Gained mutation: You have sharp toenails. [potion of beneficial mutation]
 23823 | D:14     | Reached skill level 21 in Hexes
 24821 | D:14     | Reached XP level 15. HP: 82/90 MP: 25/25
 24990 | D:14     | Learned a level 2 spell: Repel Missiles
 25136 | D:15     | Entered Level 15 of the Dungeon
 25594 | D:15     | Slain by a five-headed hydra

Action                   |  1- 3 |  4- 6 |  7- 9 | 10-12 | 13-15 || total
-------------------------+-------+-------+-------+-------+-------++-------
Melee: Dagger            |   157 |   432 |   335 |   539 |   885 ||  2348
 Cast: Corona            |     3 |       |       |       |     5 ||     8
       Ensorcelled Hiber |    14 |    42 |    93 |   116 |   148 ||   413
       Confuse           |       |     3 |    22 |    13 |    38 ||    76
       Enslavement       |       |       |     4 |     2 |    12 ||    18
       Dazzling Spray    |       |       |       |    12 |    13 ||    25
 Abil: End Transformatio |       |       |     1 |     2 |       ||     3
       Bat Form          |       |       |     1 |     2 |       ||     3
Evoke: Wand              |       |     1 |     6 |    16 |     6 ||    29
  Use: Scroll            |       |     6 |    22 |    28 |    11 ||    67
       Potion            |       |       |     4 |    22 |     7 ||    33
 Stab: Sleeping          |    18 |    35 |    70 |   140 |   201 ||   464
       Confused          |       |     3 |     7 |     8 |    25 ||    43
       Invisible         |       |       |     7 |    11 |    30 ||    48
       Distracted        |       |       |     1 |     5 |     6 ||    12
       Betrayed ally     |       |       |     1 |       |     1 ||     2
